 Seeded DCSS version 0.30.1-11-g7821555f0a (webtiles) character file.

Game seed: 6962973379254283827 (custom seed)

8 Psyclone the Conjurer (level 2, 15/15 HPs)
             Began as a Deep Elf Conjurer on Nov 7, 2023.
             Quit the game on level 1 of the Dungeon.
             The game lasted 00:00:32 (121 turns).

Psyclone the Conjurer (Deep Elf Conjurer)            Turns: 121, Time: 00:00:33

Health: 15/15      AC:  2    Str:  4    XL:     2   Next: 0%
Magic:  8/8        EV: 12    Int: 28    God:
Gold:   1284       SH:  0    Dex: 13    Spells: 6/7 levels left

rFire   . . .        (no weapon)
rCold   . . .        (no shield)
rNeg    . . .        a - +0 robe
rPois   .            (no helmet)
rElec   .            (no cloak)
rCorr   .            (no gloves)
SInv    .            (no boots)
Will    .....        (no amulet)
Stlth   ++           d - +6 ring of intelligence
HPRegen 0.22/turn    (no ring)
MPRegen 0.11/turn

%: no passive effects
@: no status effects
A: no striking features
a: no special abilities


You were on level 1 of the Dungeon.
You visited 1 branch of the dungeon, and saw 1 of its levels.

You collected 1284 gold pieces.

Inventory:

Armour
 a - a +0 robe (worn)
Jewellery
 d - a +6 ring of intelligence (left hand)
Scrolls
 c - 2 scrolls of identify {unknown}
 e - a scroll of vulnerability {unknown}
Potions
 b - a potion of magic


   Skills:
 - Level 2.4 Dodging
 - Level 2.4 Stealth
 + Level 3.3 Spellcasting
 * Level 4.7 Conjurations


You had 6 spell levels left.
You knew the following spells:

 Your Spells              Type           Power      Damage    Failure   Level
a - Magic Dart            Conj           100%       1d8       1%          1

Your spell library contained the following spells:

 Spells                   Type           Power      Damage    Failure   Level
 Searing Ray              Conj           62%        2d6       1%          2
 Dazzling Flash           Conj/Hex       34%        N/A       9%          3
 Fulminant Prism          Conj/Hex       8%         3d7       30%         4
 Iskenderun's Mystic Bla  Conj/Tloc      17%        2d5       30%         4


Dungeon Overview and Level Annotations

Branches:
Dungeon (1/15) Zot: 5879

Altars:


Message History

A hobgoblin comes into view.
Casting: Magic Dart (safe; 1% risk of failure)
Confirm with . or Enter, or press ? or * to list all spells.
Aiming: Magic Dart (safe; 1% risk of failure)
Press: ? - help, Shift-Dir - straight line, f - hobgoblin
Aim: a hobgoblin (asleep, 100% to hit)
The magic dart hits the hobgoblin.
You kill the hobgoblin!
You now have 3/6 mp.
c - 2 scrolls labelled ZAANTO PARARO (gained 1)
Found 2 gold pieces.
Found 2 metallic sapphire potions.
Found a scroll labelled KYRERO LEVIB.
A goblin comes into view. It is wielding a +0 club.
A kobold comes into view. It is wielding a +0 whip.
Casting: Magic Dart (safe; 1% risk of failure)
Confirm with . or Enter, or press ? or * to list all spells.
Aiming: Magic Dart (safe; 1% risk of failure)
Press: ? - help, Shift-Dir - straight line, f - kobold
Aim: a kobold, wielding a +0 whip (asleep, 100% to hit)
The magic dart hits the kobold.
You kill the kobold!
You have reached level 2!
Found a dagger and a scroll labelled TUXER SOALIA.
Found a cabochon ring and a scroll labelled GENGENTASA.
d - a +6 ring of intelligence You feel clever.
d - a +6 ring of intelligence (left hand)
Things that are here:
a +0 whip; a kobold corpse
Found a hand axe.
Found a red potion.
e - a scroll labelled GENGENTASA This is a scroll of acquirement!
Something appears at your feet!
Health restored: 15; MP restored: 8 You now have 1284 gold pieces (gained 1271).
e - a scroll labelled TUXER SOALIA Unknown command.
Unknown command.
Are you sure you want to abandon this character and quit the game? (Confirm with "yes".)

###.......##.###......##
...)###...##.##........##
##### #...##.#.........!#
######.#..........#
#.#..........# #
#.#..........# ##
#.#............ .#
########...).......#.# '#
##.......)...@........#
.♣≈###########...........#
.♣≈≈# #......)...## .♣~≈#
#..........# ..♣~#
#.......... ...♣
#.........# .#.#
#........## <###
#.#..##### ##


There were no monsters in sight!

Vanquished Creatures
  An endoplasm (D:1)
  A goblin (D:1)
  A hobgoblin (D:1)
  3 kobolds (D:1)
  A rat (D:1)
7 creatures vanquished.

Notes
Turn   | Place    | Note
-------+----------+-------------------------------------------
     0 | D:1      | Psyclone the Deep Elf Conjurer began the quest for the Orb.
     0 | D:1      | Reached XP level 1. HP: 10/10 MP: 6/6
    67 | D:1      | Reached XP level 2. HP: 15/15 MP: 5/8
   113 | D:1      | Identified a scroll of acquirement
   113 | D:1      | Acquired 1271 gold pieces
   121 | D:1      | Quit the game

Illustrated notes

Levels and vault maps discovered:
D:1:      saegor_arrival_simple_d, layout_rooms

Action                     || total
---------------------------++-------
   Cast: Magic Dart        ||     7
    Use: Scroll            ||     1
